 Dungeon Crawl Stone Soup version 0.27-a0-705-ga0013940fb (webtiles) character file.

Game seed: 16364230843331753404

12124 rageheart7 the Fighter (level 11, -12/119 HPs)
             Began as an Ogre Wanderer on Mar 22, 2021.
             Was a High Priest of Vehumet.
             Shot with an arrow by Nessos (18 damage)
             ... on level 12 of the Dungeon.
             The game lasted 00:39:34 (15391 turns).

rageheart7 the Fighter (Ogre Wanderer)             Turns: 15391, Time: 00:39:34

Health: -12/119    AC:  6    Str: 22    XL:     11   Next: 88%
Magic:  32/34      EV:  9    Int: 25    God:    Vehumet [*****.]
Gold:   767        SH:  0    Dex:  9    Spells: 9/30 levels left

rFire    + . .     SeeInvis .   f - +9 whip "Goblinslayer" {freeze, rN+ MP+9}
rCold    . . .     Faith    .   (no shield)
rNeg     + . .     Spirit   .   E - +0 troll leather armour
rPois    +         Reflect  .   (helmet restricted)
rElec    .         Harm     .   m - +0 cloak
rCorr    .         Rampage  .   (gloves unavailable)
Will     +....                  (boots unavailable)
Stlth    +.........             c - amulet of magic regeneration
HPRegen  0.29/turn              h - +6 ring of intelligence
MPRegen  0.49/turn              j - ring of Lagawu {rPois rF+ Str+6 Dex+2}

@: slowed, very slow
A: large, unfitting armour, tough skin 1
a: Renounce Religion


You were on level 12 of the Dungeon.
You worshipped Vehumet.
Vehumet was extremely pleased with you.
You visited 2 branches of the dungeon, and saw 13 of its levels.
You also visited: Ossuary.

You collected 767 gold pieces.

Inventory:

Hand Weapons
 a - a +0 giant club
 b - a +1 giant spiked club
 f - the +9 whip "Goblinslayer" (weapon) {freeze, rN+ MP+9}
   (You found it on level 4 of the Dungeon)

   It has been specially enchanted to freeze those struck by it, causing extra
   injury to most foes and up to half again as much damage against particularly
   susceptible opponents.
   It can also slow down cold-blooded creatures.
   It protects you from negative energy.
   It affects your magic capacity (+9).
Armour
 m - a +0 cloak (worn)
 E - a +0 troll leather armour (worn)
Jewellery
 c - an amulet of magic regeneration (around neck)
 h - a +6 ring of intelligence (right hand)
 j - the ring of Lagawu (left hand) {rPois rF+ Str+6 Dex+2}
   (You found it on level 4 of the Dungeon)

   [ring of strength]

   It affects your strength (+6).
   It affects your dexterity (+2).
   It protects you from fire.
   It protects you from poison.
 l - a +4 ring of evasion
 o - a ring of positive energy
 u - a +6 ring of intelligence
 z - a ring of resist corrosion
Wands
 i - a wand of polymorph (8)
 p - a wand of acid (13)
 x - a wand of digging (5)
Scrolls
 k - 3 scrolls of teleportation
 n - a scroll of silence
 t - a scroll of enchant weapon
 y - a scroll of noise {unknown}
 C - a scroll of fear
Potions
 e - 3 potions of flight
 g - 2 potions of might
 q - 3 potions of brilliance
 r - 2 potions of cancellation
 s - a potion of ambrosia {unknown}
 v - 2 potions of attraction {unknown}
 B - a potion of lignification
 D - a potion of curing


   Skills:
 * Level 10.6 Fighting
 * Level 8.2 Maces & Flails
 - Level 1.0 Throwing
 - Level 3.8 Armour
 * Level 2.0 Dodging
 - Level 1.0 Shields
 - Level 10.2 Spellcasting
 - Level 8.8 Conjurations
 - Level 1.7 Hexes
 - Level 1.0 Summonings
 - Level 1.7 Air Magic


You had 9 spell levels left.
You knew the following spells:

 Your Spells              Type           Power      Damage    Failure   Level
a - Magic Dart            Conj           100%       1d8       1%          1
b - Searing Ray           Conj           100%       3d7       1%          2
c - Iskenderun's Mystic   Conj/Tloc      35%        2d8       2%          4
d - Tukima's Dance        Hex            21%        N/A       8%          3
e - Stone Arrow           Conj/Erth      70%        3d11      1%          3
f - Static Discharge      Conj/Air       39%        N/A       1%          3
g - Lee's Rapid Deconstr  Erth           6%         3d7*      36%         5

Your spell library contained the following spells:

 Spells                   Type           Power      Damage    Failure   Level
 Dazzling Flash           Conj/Hex       78%        N/A       1%          3
 Fulminant Prism          Conj/Hex       19%        3d11      1%          4
 Corona                   Hex            23%        N/A       2%          1
 Beastly Appendage        Tmut           24%        N/A       5%          1
 Corpse Rot               Necr/Air       N/A        N/A       6%          2
 Ensorcelled Hibernation  Hex/Ice        34%        N/A       6%          2
 Poisonous Vapours        Pois/Air       34%        N/A       6%          2
 Confusing Touch          Hex            21%        N/A       8%          3
 Passwall                 Tmut/Erth      10%        N/A       9%          2
 Wereblood                Tmut           12%        N/A       9%          2
 Spider Form              Tmut/Pois      6%         N/A       17%         3
 Ice Form                 Ice/Tmut       12%        N/A       50%         4
 Blade Hands              Tmut           6%         N/A       83%         5


Dungeon Overview and Level Annotations

Branches:
Dungeon (12/15)            Temple (1/1) D:4            Lair (0/6) D:10
    Orc (0/2) D:10        Ossuary (visited)

Altars:
Ashenzari
Cheibriados
Dithmenos
Elyvilon
Fedhas
Gozag
Hepliaklqana
Kikubaaqudgha
Makhleb
Nemelex Xobeh
Okawaru
Qazlal
Ru
Sif Muna
Trog
Uskayaw
Vehumet
Wu Jian
Xom
Yredelemnul
Zin
The Shining One

Shops:
D:9 (   D:10 (

Annotations:
D:2 Sigmund
D:10 exclusion: 2 death yaks
D:12 Nessos


Innate Abilities, Weirdness & Mutations

You are too large for most types of armour.
You have tough skin. (AC +1)


Message History

Aim: a wraith (26% to evade)
The stone arrow hits the wraith.
The wraith is lightly damaged.
The wraith hits you! x2; The wraith drains your vigour!
You feel as though you will be slow longer.
Aiming: Stone Arrow (safe; 1% risk of failure)
Press: ? - help, Q - select action, (/) - cycle Shift-Dir - straight line, f/p - wraith
Aim: a wraith (lightly damaged, 26% to evade)
The stone arrow hits the wraith!
The wraith is heavily damaged.
The wraith hits you!
* * * LOW HITPOINT WARNING * * *
Aiming: Stone Arrow (safe; 1% risk of failure)
Press: ? - help, Q - select action, (/) - cycle Shift-Dir - straight line, f/p - wraith
Aim: a wraith (heavily damaged, 26% to evade)
The stone arrow hits the wraith!
The wraith is almost destroyed.
You hear the steady crackling of a distant melting archway.
The wraith closely misses you. The wraith hits you.
* * * LOW HITPOINT WARNING * * *
The wraith drains your vigour!
You feel as though you will be slow longer.
Aiming: Stone Arrow (safe; 1% risk of failure)
Press: ? - help, Q - select action, (/) - cycle Shift-Dir - straight line, f/p - wraith
Aim: a wraith (almost destroyed, 26% to evade)
The stone arrow hits the wraith!
You destroy the wraith!
Vehumet accepts your kill.
You feel your power returning.
You now have 767 gold pieces (gained 13).
Nessos the Markscentaur comes into view.
They are wearing a +0 barding of stealth.
Nessos shouts!
Nessos says, "Study your classics!"
Nessos wields a +3 longbow of flaming.
It bursts into flame!
Nessos shoots an arrow.
The arrow hits you!!
* * * LOW HITPOINT WARNING * * *
The arrow burns you.
* * * LOW HITPOINT WARNING * * *
Nessos shoots an arrow.
The arrow hits you!!
You die...

##.# ....... #..
c...... ##. ....... #.
....... ## #...... #
#..... #########
#.....#########.#......
#^...@................
##.########..........#
#..........##
##..........#
#...........#
#...........#
#...........#
#..........##
#..........#


You could see Nessos.

Vanquished Creatures
  Josephine (D:10)
  A two-headed ogre (D:9)
  Urug (D:12)
  Sonja (D:10)
  A cyclops (D:11)
  2 trolls (D:12)
  A hornet (D:10)
  6 yaks (D:9)
  6 wraiths
  Grum (D:10)
  A steam dragon (D:7)
  2 water moccasins
  A black bear (D:11)
  An ice beast (D:11)
  4 ogres
  7 orc warriors
  2 necrophages
  4 centaurs
  2 wolves (D:10)
  2 phantoms
  6 kobold brigands
  A gnoll sergeant (D:10)
  3 elf zombies (Ossuary)
  6 bullfrogs
  A water moccasin skeleton (D:8)
  5 scorpions
  6 killer bees
  3 wights (D:6)
  A howler monkey (D:8)
  4 crimson imps (D:3)
  2 lava snakes (D:8)
  2 human zombies (Ossuary)
  7 centaur zombies (Ossuary)
  Crazy Yiuf (D:7)
  2 centaur skeletons
  3 jellies
  A bullfrog skeleton (D:8)
  7 orc priests
  7 hounds
  An iguana (D:11)
  11 worker ants
  13 orc wizards
  A killer bee zombie (D:8)
  A hound zombie (D:7)
  A hound skeleton (D:4)
  3 mummies (Ossuary)
  A worker ant zombie (D:8)
  7 gnolls
  9 adders
  2 shadow imps
  3 white imps
  3 ufetubi
  An adder zombie (D:9)
  A worm (D:3)
  50 orcs
  6 ball pythons
  4 bats
  11 giant cockroaches
  7 goblins
  2 hobgoblins
  5 jackals
  25 kobolds
  5 oozes
  11 quokkas
  A frilled lizard (D:4)
  A quokka zombie (D:7)
  7 rats
308 creatures vanquished.

Vanquished Creatures (collateral kills)
  Erica (D:8)
  An orc warrior (D:7)
  A bullfrog skeleton (D:5)
  An orc wizard (D:7)
  A white imp (D:9)
5 creatures vanquished.

Vanquished Creatures (others)
  2 dancing weapons (D:9)
2 creatures vanquished.

Grand Total: 315 creatures vanquished

Notes
Turn   | Place    | Note
-------+----------+-------------------------------------------
     0 | D:1      | rageheart7 the Ogre Wanderer began the quest for the Orb.
     0 | D:1      | rageheart7 set off with the following items: a +0 club, a
                  | +0 robe; and the following spell memorised: Magic Dart; and
                  | the following spells available to memorise: Searing Ray,
                  | Corpse Rot, Poisonous Vapours, Dazzling Flash, Passwall,
                  | Wereblood, Fulminant Prism, Iskenderun's Mystic Blast
     0 | D:1      | Reached XP level 1. HP: 16/16 MP: 1/1
   279 | D:1      | Reached XP level 2. HP: 24/24 MP: 2/2
   922 | D:1      | Reached XP level 3. HP: 31/32 MP: 3/3
  1331 | D:1      | Learned a level 2 spell: Searing Ray
  1433 | D:2      | Noticed Sigmund
  1649 | D:2      | Reached skill level 1 in Fighting
  2205 | D:2      | Reached skill level 1 in Spellcasting
  2608 | D:3      | Reached XP level 4. HP: 40/41 MP: 1/6
  2894 | D:3      | Found a shimmering altar of Xom.
  2905 | D:3      | Reached XP level 5. HP: 40/50 MP: 1/8
  3331 | D:3      | Reached XP level 6. HP: 61/61 MP: 6/10
  4374 | D:4      | Reached skill level 5 in Conjurations
  4383 | D:4      | Reached XP level 7. HP: 71/71 MP: 5/13
  4631 | D:4      | Identified the +9 whip "Goblinslayer" {freeze, rN+ MP+9}
  4706 | D:4      | Found a staircase to the Ecumenical Temple.
  4861 | D:4      | Identified the ring of Lagawu {rPois rF+ Str+6 Dex+2}
  5485 | Temple   | Entered the Ecumenical Temple
  5696 | Temple   | Became a worshipper of Vehumet
  5750 | D:5      | Entered Level 5 of the Dungeon
  5996 | D:5      | Reached skill level 5 in Fighting
  6155 | D:5      | Reached skill level 5 in Spellcasting
  6423 | D:5      | Found a white marble altar of Elyvilon.
  6432 | D:5      | Reached XP level 8. HP: 83/83 MP: 16/16
  6608 | D:5      | Found an ancient bone altar of Kikubaaqudgha.
  6912 | D:5      | Found a white marble altar of Elyvilon.
  6974 | D:6      | Learned a level 4 spell: Iskenderun's Mystic Blast
  7399 | D:6      | Reached * piety under Vehumet
  7399 | D:6      | Offered knowledge of Sandblast by Vehumet.
  7404 | D:6      | Learned a level 3 spell: Tukima's Dance
  7782 | D:7      | Reached XP level 9. HP: 34/96 MP: 20/20
  7877 | D:7      | Found a runed translucent door.
  7878 | D:7      | Noticed Crazy Yiuf
  7888 | D:7      | Killed Crazy Yiuf
  7968 | D:7      | Found a sand-covered staircase.
  7973 | Ossuary  | Entered an ossuary
  9288 | D:8      | Identified the +6 battleaxe "Vasikkuh" {vorpal, +Rage +Fly
                  | Int+4}
  9460 | D:8      | Reached ** piety under Vehumet
  9567 | D:7      | Noticed a rust devil
  9567 | D:7      | Noticed a rust devil
  9591 | D:8      | Offered knowledge of Shock by Vehumet.
  9725 | D:8      | Reached skill level 10 in Fighting
 10050 | D:8      | Reached XP level 10. HP: 98/110 MP: 23/23
 10158 | D:8      | Reached skill level 1 in Maces & Flails
 10525 | D:8      | Noticed Erica
 10538 | D:8      | Killed Erica
 10539 | D:8      | Reached skill level 1 in Armour
 10539 | D:8      | Reached skill level 10 in Spellcasting
 10850 | D:9      | Offered knowledge of Inner Flame by Vehumet.
 11025 | D:9      | Found Qurumono's Antique Weapon Emporium.
 11057 | D:9      | Found a shimmering blue altar of Sif Muna.
 11460 | D:9      | Reached *** piety under Vehumet
 11958 | D:9      | Offered knowledge of Stone Arrow by Vehumet.
 11964 | D:9      | Noticed a two-headed ogre
 12265 | D:9      | Killed a two-headed ogre
 12266 | D:9      | Reached skill level 5 in Maces & Flails
 12467 | D:9      | HP: 3/110 [orc/+0 flail (5)]
 12955 | D:9      | Learned a level 3 spell: Stone Arrow
 13047 | D:10     | Entered Level 10 of the Dungeon
 13047 | D:10     | Noticed Josephine
 13058 | D:9      | Reached XP level 11. HP: 112/117 MP: 25/25
 13256 | D:10     | Killed Josephine
 13406 | D:10     | Found a staircase to the Orcish Mines.
 13434 | D:10     | Reached **** piety under Vehumet
 13444 | D:10     | Noticed Sonja
 13446 | D:10     | Killed Sonja
 13544 | D:10     | Identified the +10 war axe of Pandemonium {drain, rF+}
 13670 | D:10     | Noticed a death yak
 13825 | D:10     | Offered knowledge of Static Discharge by Vehumet.
 13831 | D:10     | Learned a level 3 spell: Static Discharge
 13905 | D:10     | Found a staircase to the Lair.
 13909 | D:10     | Noticed a death yak
 13910 | D:10     | Noticed a death yak
 13910 | D:10     | Noticed a death yak
 13910 | D:10     | Noticed a death yak
 14009 | D:10     | Noticed Grum
 14012 | D:10     | Killed Grum
 14050 | D:10     | Found Rarob's Antique Weapon Boutique.
 14594 | D:11     | Identified the +8 great sword of Domination {freeze, *Noise
                  | Dex+2 Stlth+}
 14931 | D:11     | Noticed a cyclops
 14934 | D:11     | Killed a cyclops
 15069 | D:12     | Reached skill level 1 in Dodging
 15177 | D:12     | Reached ***** piety under Vehumet
 15266 | D:12     | Offered knowledge of Lee's Rapid Deconstruction by Vehumet.
 15273 | D:12     | Learned a level 5 spell: Lee's Rapid Deconstruction
 15308 | D:12     | Noticed Urug
 15323 | D:12     | Killed Urug
 15391 | D:12     | Noticed Nessos
 15391 | D:12     | Shot with an arrow by Nessos

Illustrated notes

Levels and vault maps discovered:
D:1:      amcnicky_arrival_abandoned_market, layout_basic
D:2:      layout_rooms, grunt_ministairs_15, uniq_sigmund
D:3:      layout_basic, led_xom_imps
D:4:      layout_cave_pods, minmay_temple_entry_junction_2
D:5:      layout_basic, nicolae_elyvilon_peaceful_grove, basic_altar,
          elyvilon_altar_3
D:6:      layout_basic
D:7:      cheibrodos_iron_armory, layout_rooms,
          lightli_ossuary_entry_decrepit_ruins, uniq_crazy_yiuf_cottage
D:8:      layout_cave_pools, serial_glass, glass_columns_a, glass_columns_b,
          glass_columns_c, glass_columns_c, glass_columns_c, glass_columns_b,
          glass_columns_b, glass_columns_a, glass_columns_a, glass_columns_a,
          glass_columns_a, glass_columns_a, glass_columns_a, glass_columns_a,
          nicolae_zen_rock_garden, kennysheep_crisscross, uniq_erica
D:9:      kennysheep_orc_sif_temple, layout_small_grid, serial_shops,
          nicolae_shop_crystal, minmay_unpleasant_kobolds
D:10:     layout_roguey, dpeg_lair_monsters, orc_0_dummy, serial_shops,
          nicolae_shop_competitors_out_of_business, uniq_grum, uniq_sonja,
          uniq_josephine
D:11:     layout_layer_cave, minmay_misc_feat_iff
D:12:     evilmike_diamond_1, layout_cave_pods, portal_ice_cave_demonic_guard,
          uniq_urug, uniq_nessos
Temple:   kilobyte_greek_temple

Skill      XL: |  1  2  3  4  5  6  7  8  9 10 11 |
---------------+----------------------------------+-----
Conjurations   | 3 4 5 6 8 |  8.8
Fighting       | 1 2 3 4 5 7 10 | 10.6
Spellcasting   | 1 2 4 5 7 9 10 | 10.2
Maces & Flails | 5 8 |  8.2
Armour         | 3 |  3.8
Dodging        | 2 |  2.0
Throwing       | |  1.0
Shields        | |  1.0
Hexes          | |  1.7
Summonings     | |  1.0
Air Magic      | |  1.7

Action                   |  1- 3 |  4- 6 |  7- 9 | 10-12 || total
-------------------------+-------+-------+-------+-------++-------
Melee: Club              |    10 |       |       |       ||    10
       Dagger            |   127 |    86 |       |       ||   213
       Unarmed           |     6 |       |       |       ||     6
       Whip              |       |       |   208 |   107 ||   315
       Giant club        |       |       |     8 |       ||     8
 Cast: Magic Dart        |    32 |    50 |    89 |    62 ||   233
       Searing Ray       |     3 |     4 |    24 |    31 ||    62
       Tukima's Dance    |       |       |     1 |    11 ||    12
       Stone Arrow       |       |       |       |    98 ||    98
       Iskenderun's Myst |       |       |       |    10 ||    10
  Use: Scroll            |       |     6 |    11 |     4 ||    21
       Potion            |       |       |     4 |     6 ||    10
Armor: Robe              |    73 |    52 |    84 |    20 ||   229
       Skin              |       |       |     3 |       ||     3
Dodge: Dodged            |    82 |    46 |   128 |    61 ||   317

Table legend: (Time is in decaauts)
 A = Elapsed time spent in this place.
 B = Non-inter-level travel time spent in this place.
 C = Inter-level travel time spent in this place.
 D = Time resting spent in this place.
 E = Time spent auto-exploring this place.
 F = Levels seen in this place.
 G = Mean time per level.
                   A        B        C        D        E       F      G
               +--------+--------+--------+--------+--------+-----+--------+
         Total |  15442 |  14826 |    616 |   4462 |   7892 |  14 | 1103.0 |
       Dungeon |  14534 |  13996 |    538 |   4097 |   7548 |  12 | 1211.2 |
        Temple |    249 |    171 |     78 |      0 |    169 |   1 |  249.0 |
       Ossuary |    657 |    657 |      0 |    365 |    175 |   1 |  657.0 |
               +--------+--------+--------+--------+--------+-----+--------+

Top non-repeatable levels by time:
     D:9: 2455 daAuts
     D:1: 1991 daAuts
     D:3: 1638 daAuts
     D:8: 1550 daAuts
     D:4: 1261 daAuts
     D:5: 1221 daAuts
    D:10: 972 daAuts
     D:7: 851 daAuts
    D:11: 808 daAuts
     D:6: 799 daAuts
 Ossuary: 657 daAuts
     D:2: 617 daAuts
    D:12: 366 daAuts
  Temple: 249 daAuts
